 Dungeon Crawl Stone Soup version 0.27.1 (webtiles) character file.

Game seed: 13221123752162444788

149 TinyDot the Digger (level 5, -4/28 HPs)
             Began as a Gargoyle Earth Elementalist on Aug 24, 2021.
             Was an Initiate of Gozag.
             Slain by Duvessa (11 damage)
             ... on level 4 of the Dungeon.
             The game lasted 00:20:08 (2929 turns).

TinyDot the Digger (Gargoyle Earth Elementalist)    Turns: 2929, Time: 00:20:08

Health: -4/28      AC:  9    Str: 12    XL:     5   Next: 31%
Magic:  4/9        EV: 12    Int: 16    God:    Gozag
Gold:   187        SH:  0    Dex: 10    Spells: 9/10 levels left

rFire    . . .     SeeInvis .   h - +4 short sword
rCold    . . .     Faith    .   (no shield)
rNeg     + . .     Spirit   .   b - +0 robe
rPois    ∞         Reflect  .   (no helmet)
rElec    +         Harm     .   r - +2 cloak
rCorr    .         Rampage  .   (no gloves)
Will     .....                  (no boots)
Stlth    ++........             (no amulet)
HPRegen  0.09/turn              (no ring)
MPRegen  0.11/turn              (no ring)

@: no status effects
A: sickness immunity, AC +4, negative energy resistance 1, electricity
resistance, torment resistance 1, petrification resistance
a: Renounce Religion, Potion Petition, Call Merchant, Bribe Branch


You were on level 4 of the Dungeon.
You worshipped Gozag.
Gozag was aware of your devotion.
You visited 1 branch of the dungeon, and saw 4 of its levels.

You collected 187 gold pieces.

Inventory:

Hand Weapons
 a - a +0 club
 g - a +0 whip
 h - a +4 short sword (weapon)
 s - a +1 hand axe of flaming
 u - a +0 rapier
Missiles
 c - 24 stones
 e - 7 javelins (quivered)
 k - 32 arrows
 m - 15 poisoned darts
Armour
 b - a +0 robe (worn)
 f - a +0 ring mail
 i - a +0 scale mail
 j - a +0 plate armour
 r - a +2 cloak (worn)
Wands
 t - a wand of polymorph (10)
Scrolls
 l - a scroll of holy word {unknown}
 q - a scroll of enchant armour
Potions
 d - 2 potions of berserk rage {unknown}
 n - a potion of curing {unknown}
 o - a potion of haste {unknown}
 p - a potion of brilliance {unknown}


   Skills:
 * Level 0.5 Fighting
 + Level 0.7 Short Blades
 + Level 0.1 Maces & Flails
 + Level 0.2 Throwing
 * Level 0.3 Armour
 + Level 2.1 Dodging
 - Level 2.4 Stealth
 * Level 3.2 Spellcasting
 - Level 0.8 Transmutations
 + Level 5.1 Earth Magic


You had 9 spell levels left.
You knew the following spells:

 Your Spells              Type           Power      Damage    Failure   Level
a - Sandblast             Erth           38%        2d10      2%          1

Your spell library contained the following spells:

 Spells                   Type           Power      Damage    Failure   Level
 Passwall                 Tmut/Erth      10%        N/A       9%          2
 Stone Arrow              Conj/Erth      20%        3d8       19%         3
 Petrify                  Tmut/Erth      12%        N/A       47%         4


Dungeon Overview and Level Annotations

Branches:
Dungeon (4/15)
 Temple: D:4-7

Altars:
Gozag
Makhleb
Zin

Shops:
D:1 ![

Annotations:
D:4 Dowan, Duvessa


Innate Abilities, Weirdness & Mutations

You are immune to sickness and miasma.
Your stone body is resilient. (AC +4)
You are immune to poison.
You resist negative energy. (rN+)
You are resistant to electric shocks. (rElec)
You are resistant to unholy torment.
You are immune to petrification.


Message History

Aim: Duvessa, wielding a +0 short sword and wearing a +0 ring mail (85% to hit)
The blast of sand hits Duvessa but does no damage.
c - 26 stones Duvessa barely misses you.
Casting: Sandblast (safe; 2% risk of failure)
Confirm with . or Enter, or press ? or * to list all spells.
Aiming: Sandblast (safe; 2% risk of failure)
Press: ? - help, Shift-Dir - straight line, f/p - Duvessa
Aim: Duvessa, wielding a +0 short sword and wearing a +0 ring mail (85% to hit)
You miscast Sandblast.
You are very lightly contaminated with residual magic.
Nothing appears to happen.
Duvessa hits you with a +0 short sword!
Casting: Sandblast (safe; 2% risk of failure)
Confirm with . or Enter, or press ? or * to list all spells.
Aiming: Sandblast (safe; 2% risk of failure)
Press: ? - help, Shift-Dir - straight line, f/p - Duvessa
Aim: Duvessa, wielding a +0 short sword and wearing a +0 ring mail (85% to hit)
The blast of sand hits Duvessa.
Duvessa is lightly wounded.
c - 25 stones Duvessa closely misses you.
Duvessa hits you with a +0 short sword.
Casting: Sandblast (safe; 2% risk of failure)
Confirm with . or Enter, or press ? or * to list all spells.
Aiming: Sandblast (safe; 2% risk of failure)
Press: ? - help, Shift-Dir - straight line, f/p - Duvessa
Aim: Duvessa, wielding a +0 short sword and wearing a +0 ring mail (lightly wounded, 85% to hit)
The blast of sand hits Duvessa but does no damage.
Duvessa is lightly wounded.
c - 24 stones Duvessa barely misses you.
Your magical contamination has completely faded away.
Dowan mumbles some strange words.
Dowan blinks!
Duvessa misses you. Duvessa hits you with a +0 short sword.
* * * LOW HITPOINT WARNING * * *
Duvessa hits you but does no damage. Duvessa hits you with a +0 short sword!
You die...
Your body crumbles into a pile of gold.

#.#..# #..# #....##### #..#
####......# ###########..#
.....####.####.....>..##..#
.....####.............###§#
..##...##...........)# #$#
..#....##..........### #.#
...._...........#### #.#
##....#..####...@.### #.#
##...##..# ###..e..#####.#
####.....# ###......##.##
####..[..# ####..e....#
.....##### ###.....# .....#
#.......# ######
#.........# #............#
...............


You could see Duvessa and Dowan.

Vanquished Creatures
  Natasha (thrice) (D:3)
  2 adders (D:2)
  An ufetubus (D:4)
  An adder skeleton (D:4)
  2 worms
  An orc (D:3)
  3 bats
  5 endoplasms
  3 giant cockroaches
  3 goblins
  3 hobgoblins
  3 quokkas
  4 ball pythons
  2 frilled lizards (D:1)
  4 kobolds
  3 rats
43 creatures vanquished.

Vanquished Creatures (others)
  A fungus (D:2)
  4 plants (D:1)
5 creatures vanquished.

Grand Total: 48 creatures vanquished

Notes
Turn   | Place    | Note
-------+----------+-------------------------------------------
     0 | D:1      | TinyDot the Gargoyle Earth Elementalist began the quest for
                  | the Orb.
     0 | D:1      | Reached XP level 1. HP: 10/10 MP: 3/3
   243 | D:1      | Found Moeph's Distillery.
   288 | D:1      | Reached XP level 2. HP: 4/15 MP: 5/5
   349 | D:1      | Found Qityem's Armour Shoppe.
   370 | D:1      | Learned a level 1 spell: Sandblast
   372 | D:1      | Reached skill level 4 in Earth Magic
  1163 | D:2      | Reached XP level 3. HP: 19/19 MP: 6/6
  1535 | D:2      | Found a faded altar of an unknown god.
  1553 | D:2      | Became a worshipper of Gozag Ym Sagoz the Greedy
  1767 | D:2      | You fall into a shaft and drop 1 floor!
  1919 | D:3      | Reached XP level 4. HP: 24/24 MP: 6/8
  2211 | D:3      | Found a burning altar of Makhleb.
  2298 | D:3      | Noticed Natasha
  2319 | D:3      | Killed Natasha
  2378 | D:3      | Noticed Natasha
  2388 | D:3      | Killed Natasha
  2389 | D:3      | Reached skill level 5 in Earth Magic
  2705 | D:3      | Noticed Natasha
  2727 | D:3      | Killed Natasha
  2728 | D:3      | Reached XP level 5. HP: 28/28 MP: 6/9
  2802 | D:4      | Found a glowing silver altar of Zin.
  2893 | D:4      | Noticed Duvessa
  2895 | D:4      | Noticed Dowan
  2929 | D:4      | Slain by Duvessa

Illustrated notes

Levels and vault maps discovered:
D:1:      dpeg_arrival_round_b, layout_basic, serial_shops,
          nicolae_lakefront_shop, shop, chequers_jeans, chequers_big_river
D:2:      layout_basic, shapermc_ecumenical_altar_acropolis
D:3:      layout_loops_ring, lightli_temple_of_fire, uniq_natasha
D:4:      layout_cave_pods, nicolae_overflow_crystal_walls, minmay_cupped,
          uniq_duvessa

Skill      XL: |  1  2  3  4 |
---------------+-------------+-----
Earth Magic    | 4 5 |  5.1
Dodging        | 2 |  2.1
Spellcasting   | 3 |  3.2
Fighting       | |  0.5
Short Blades   | |  0.7
Maces & Flails | |  0.1
Throwing       | |  0.2
Armour         | |  0.3
Stealth        | |  2.4
Transmutations | |  0.8

Action                   |  1- 3 |  4- 6 || total
-------------------------+-------+-------++-------
Melee: Club              |     9 |       ||     9
       Unarmed           |     1 |       ||     1
       Short sword       |    32 |    17 ||    49
       Whip              |     4 |       ||     4
Throw: Javelin           |     4 |       ||     4
 Cast: Sandblast         |    29 |    19 ||    48
  Use: Scroll            |     1 |     3 ||     4
Armor: Robe              |    12 |    10 ||    22
Dodge: Dodged            |    34 |    20 ||    54
